 Dungeon Crawl Stone Soup version 0.21-a0-552-g593960d (webtiles) character file.

2 tidbits the Insei (level 1, 14/17 HPs)
             Began as a Gnoll Transmuter on Dec 17, 2017.
             Was an Initiate of Ru.
             Quit the game on level 2 of the Dungeon.
             The game lasted 00:00:24 (41 turns).

tidbits the Insei (Gnoll Transmuter)                  Turns: 41, Time: 00:00:25

Health: 14/17      AC:  2    Str: 12    XL:     1   Next: 30%
Magic:  6/6        EV: 14    Int: 15    God:    Ru [......]
Gold:   30         SH:  0    Dex: 15    Spells: 8/9 levels left

rFire    . . .     SeeInvis .     - Unarmed
rCold    . . .     Gourm    .   (no shield)
rNeg     . . .     Faith    .   b - +0 robe
rPois    .         Spirit   .   (no helmet)
rElec    .         Reflect  .   (no cloak)
rCorr    .         Harm     .   (no gloves)
MR       .....                  (no boots)
Stlth    +.........             (no amulet)
HPRegen  0.05/turn              (no ring)
MPRegen  0.10/turn              (no ring)

@: no status effects
A: distributed training, fangs 1, strong nose
a: Renounce Religion


You were on level 2 of the Dungeon.
You worshipped Ru.
Ru was noncommittal.
You were not hungry.

You visited 1 branch of the dungeon, and saw 2 of its levels.

You collected 30 gold pieces.

Inventory:

Missiles
 a - 12 arrows
Armour
 b - a +0 robe (worn)
Books
 c - a book of Changes

   Spells                             Type                      Level
   a - Beastly Appendage              Transmutation                1
   b - Sticks to Snakes               Transmutation                2
   c - Spider Form                    Transmutation/Poison         3
   d - Ice Form                       Ice/Transmutation            4
   e - Blade Hands                    Transmutation                5
Comestibles
 d - a bread ration


   Skills:
 + Level 2.3 Fighting
 + Level 0.0 Short Blades
 + Level 0.0 Long Blades
 + Level 0.0 Axes
 + Level 0.0 Maces & Flails
 + Level 0.0 Polearms
 + Level 0.0 Staves
 + Level 0.0 Slings
 + Level 0.0 Bows
 + Level 0.0 Crossbows
 + Level 0.0 Throwing
 + Level 0.0 Armour
 + Level 4.4 Dodging
 + Level 0.0 Stealth
 + Level 0.0 Shields
 + Level 6.4 Unarmed Combat
 + Level 4.8 Spellcasting
 + Level 0.0 Conjurations
 + Level 0.0 Hexes
 + Level 0.0 Charms
 + Level 0.0 Summonings
 + Level 0.0 Necromancy
 + Level 0.0 Translocations
 + Level 3.6 Transmutations
 + Level 0.0 Fire Magic
 + Level 0.0 Ice Magic
 + Level 0.0 Air Magic
 + Level 0.0 Earth Magic
 + Level 0.0 Poison Magic
 + Level 0.0 Invocations
 + Level 0.0 Evocations


You had 8 spell levels left.
You knew the following spells:

 Your Spells              Type           Power        Failure   Level  Hunger
e - Beastly Appendage     Tmut           ##....       3%          1    None


Dungeon Overview and Level Annotations

Branches:
Dungeon (2/15)

Altars:
Ru


Innate Abilities, Weirdness & Mutations

Your experience applies equally to all skills.
You have very sharp teeth.
Your uncanny sense of smell can sniff out nearby items.


Message History

Welcome, tidbits the Gnoll Transmuter.
The bosom of this dungeon contains the fabled artefact, the Orb of Zot.
Press ? for a list of commands and other information.
Found an inedible chunk of flesh.
Found a staircase leading out of the dungeon.
Found an inedible chunk of flesh.
Found a river rat skeleton.
Found an inedible chunk of flesh.
As you open the door, it creaks loudly!
A ball python and 2 rats come into view.
The rat closely misses you.
There is an open door here.
Casting: Beastly Appendage
Confirm with . or Enter, or press ? or * to list all spells.
Your feet morph into talons.
The rat barely misses you.
You hit the rat but do no damage. The rat bites you but does no damage.
You punch the rat!
You kill the rat!
You hit the ball python. You claw the ball python.
You kill the ball python!
You closely miss the rat. You claw the rat, but do no damage.
You bite the rat, but do no damage. The rat barely misses you.
You hit the rat but do no damage. The rat bites you but does no damage.
You closely miss the rat. The rat completely misses you.
You closely miss the rat. Your kick misses the rat. The rat misses you.
You completely miss the rat. The rat barely misses you.
You hit the rat.
You kill the rat!
Found 15 gold pieces.
Things that are here:
a ball python corpse; a rat corpse You now have 15 gold pieces.
Found a stone staircase leading down.
Your transformation is almost over.
Found 21 gold pieces.
There is a stone staircase leading down here.
You climb downwards.
A hobgoblin comes into view. It is wielding a club.
The hobgoblin shouts!
Found 36 gold pieces and 21 arrows.
Found a faded altar of an unknown god.
Found a stone staircase leading up.
There is a stone staircase leading up here.
You see here 15 gold pieces.
You now have 30 gold pieces (gained 15).
Found a ring mail.
A worm and a hobgoblin come into view.
The hobgoblin moves out of view.
Your talons disappear.
The hobgoblin shouts!
There is a faded altar of an unknown god here.
You cannot tell which god this altar belongs to.
Convert to them anyway? [Y]es or [N]o only, please.
You cannot tell which god this altar belongs to.
Convert to them anyway?
Ru accepts your prayer! Ru welcomes you! The hobgoblin hits you with a club.
Are you sure you want to abandon this character and quit the game? (Confirm with "yes".)

#............##
(.......$.....## ∆.
...............##.#
................[.#
...............##.#
.$.....<..........#.#
.........<...........
.........$...#...#
............#@#..#
.........g...#g..#
............w....#
######.###.......# #.
#......... .
..#........
...#.......## ###.##
.....#


You could see a worm and 2 hobgoblins.

Vanquished Creatures
  A ball python (D:1)
  2 rats (D:1)
3 creatures vanquished.

Notes
Turn   | Place    | Note
-------+----------+-------------------------------------------
     0 | D:1      | tidbits the Gnoll Transmuter began the quest for the Orb.
     0 | D:1      | Reached XP level 1. HP: 17/17 MP: 6/6
    32 | D:2      | Found a faded altar of an unknown god.
    40 | D:2      | Became a worshipper of Ru the Awakened
    41 | D:2      | Quit the game

Vault maps used:
D:1:      saegor_arrival_miasma
D:2:      nicolae_overflow_crystal_walls, chequers_ecumenical_altar_simple,
          nemelex_diamond_rough_becter

Action                   || total
-------------------------++-------
Melee: Unarmed           ||     9
       Kick              ||     2
       Bite              ||     1
 Cast: Beastly Appendage ||     1
Armor: Robe              ||     2
Dodge: Dodged            ||     6

Table legend:
 A = Spawn XP
 B = Non-spawn XP
 C = Spawn XP percentage of total XP
 D = Spawn monster count
 E = Non-spawn monster count
 F = Spawn count percentage of total count
 G = Total turns spent on level
                    A         B        C        D         E        F      G
               +---------+---------+-------+---------+---------+-------+---------
         Total |       0 |       3 |   0.0 |       0 |       3 |   0.0 |    41
               +---------+---------+-------+---------+---------+-------+---------
           D:1 |       0 |       3 |   0.0 |       0 |       3 |   0.0 |    32
               +---------+---------+-------+---------+---------+-------+---------

Table legend:
 A = Turns spent in this place as a percentage of turns spent in the entire game.
 B = Non-inter-level travel turns spent in this place as a percentage of non-inter-level travel turns spent in the entire game.
 C = Inter-level travel turns spent in this place as a percentage of turns spent in this place.
 D = Turns resting spent in this place as a percentage of non-inter-level travel turns spent in this place.
 E = Turns spent auto-exploring this place as a percentage of non-inter-level travel turns spent in this place.
 F = Non-inter-level travel turns spent in this place divided by the number of levels of this place that you've seen.
                   A       B       C       D       E      F
               +-------+-------+-------+-------+-------+----------------------
         Total | 100.0 | 100.0 |   0.0 |   0.0 |   0.0 |  20.5
       Dungeon | 100.0 | 100.0 |   0.0 |   0.0 |   0.0 |  20.5
               +-------+-------+-------+-------+-------+----------------------

Table legend:
 A = Kills in this place as a percentage of kills in entire the game.
 B = Kills by you in this place as a percentage of kills by you in the entire game.
 C = Kills by friends in this place as a percentage of kills by friends in the entire game.
 D = Other kills in this place as a percentage of other kills in the entire game.
 E = Experience gained in this place as a percentage of experience gained in the entire game.
 F = Experience gained in this place divided by the number of levels of this place that you have seen.
                   A       B       C       D       E      F
               +-------+-------+-------+-------+-------+----------------------
         Total | 100.0 | 100.0 |   N/A |   N/A | 100.0 |   1.5
       Dungeon | 100.0 | 100.0 |   N/A |   N/A | 100.0 |   1.5
               +-------+-------+-------+-------+-------+----------------------

Vault maps used:
D:1:      saegor_arrival_miasma
D:2:      nicolae_overflow_crystal_walls, chequers_ecumenical_altar_simple,
          nemelex_diamond_rough_becter
